Map: Automaton LE

Players

headshoot - Winner!

  • Race: Terran Terran
  • Spawn Location: 3:00

Yocto

  • Race: Zerg Zerg
  • League: Gold
  • Spawn Location: 9:00

VOD

Have the link to the VOD?

Description

Time

  • Played on: Dec. 21, 2018, 7:58 a.m.
  • Length: 17:51
Show
View Real Time Build Order
Export as new Build Order

headshoot Terran - Winner!

Build Orders: Reaper Expand 

Get SALT Encoding   

  12  0:01  SCV  
  13  0:13  SCV  
  14  0:18  Supply Depot  
  14  0:25  SCV  
  15  0:40  SCV  
  15  0:41  Barracks  
  16  0:47  Refinery  
  16  0:52  SCV  
  17  1:04  SCV  
  18  1:16  SCV  
  19  1:28  Orbital Command  
  19  1:30  Reaper  
  20  1:45  Command Center  
  20  1:54  SCV  
  21  2:07  Factory  
  21  2:10  SCV  
  21  2:11  Refinery  
  23  2:22  SCV  
  23  2:25  Barracks Reactor  
  23  2:34  Supply Depot  
  23  2:55  SCV  
  24  2:58  Starport  
  24  3:08  SCV, Orbital Command  
  24  3:10  Barracks Tech Lab  
  25  3:13  Hellion x2  
  29  3:20  SCV  
  29  3:25  Barracks  
  30  3:32  SCV  
  31  3:39  Hellion x2  
  31  3:40  Starport Tech Lab  
  35  3:44  Marine, SCV  
  35  3:45  Stimpack  
  37  3:50  SCV  
  38  3:56  SCV  
  38  4:00  Hellion  
  38  4:02  Marine  
  42  4:03  SCV  
  42  4:08  SCV  
  44  4:11  Supply Depot  
  44  4:12  Barracks Reactor, Supply Depot  
  44  4:15  SCV  
  45  4:17  Engineering Bay  
  45  4:20  SCV  
  45  4:23  Cloaking Field  
  46  4:32  Banshee  
  46  4:33  SCV  
  46  4:37  SCV  
  51  4:44  Supply Depot  
  51  4:45  SCV  
  52  4:46  Supply Depot  
  52  4:49  SCV  
  53  4:53  Marine x2, Terran Infantry Weapons Level 1  
  53  4:54  Marine  
  53  4:57  SCV  
  57  5:07  Supply Depot  
  57  5:10  SCV x2  
  59  5:16  Marine x3  
  59  5:19  Barracks  
  62  5:22  SCV x2  
  61  5:36  SCV x2  
  61  5:39  Marine x3, Command Center  
  66  5:42  Engineering Bay  
  66  5:51  SCV x2  
  66  5:56  Marine  
  69  6:02  Marine x2  
  69  6:03  SCV  
  72  6:13  SCV  
  72  6:14  Marine  
  72  6:15  SCV  
  72  6:16  Refinery  
  72  6:17  Refinery  
  72  6:18  Medivac x2  
  79  6:19  Barracks Tech Lab  
  79  6:20  Marine  
  80  6:27  Siege Tank  
  80  6:28  SCV x2  
  80  6:30  Terran Infantry Armor Level 1  
  82  6:35  Marine x2  
  82  6:37  Marine  
  85  6:40  Combat Shield  
  85  6:52  Barracks  
  85  6:53  Marine x2  
  87  6:55  Marine  
  87  6:56  Armory, Barracks  
  87  6:58  Barracks  
  88  7:11  Marine  
  88  7:15  SCV x2  
  91  7:19  Orbital Command  
  91  7:26  Siege Tank  
  91  7:27  Medivac x2  
  98  7:31  SCV  
  98  7:32  SCV  
  100  7:38  Supply Depot  
  100  7:39  Supply Depot x2  
  100  7:44  SCV x2  
  100  7:50  Barracks Reactor x3  
  94  7:52  Marine x4  
  94  7:57  Medivac  
  100  7:59  SCV  
  100  8:00  SCV, Siege Tank  
  105  8:06  Supply Depot  
  105  8:08  Supply Depot  
  105  8:09  Marine  
  105  8:10  Marine x3, Supply Depot  
  105  8:11  Supply Depot  
  105  8:12  Sensor Tower  
  109  8:17  Terran Vehicle Weapons Level 1  
  109  8:27  Marine x3, Command Center  
  109  8:32  Siege Tank  
  115  8:35  Refinery  
  115  8:40  Refinery  
  115  9:04  Siege Tank  
  118  9:11  Supply Depot  
  118  9:12  SCV x3  
  118  9:14  Medivac x2  
  118  9:15  Terran Infantry Weapons Level 2  
  118  9:16  Terran Infantry Armor Level 2  
  125  9:18  Marine x10  
  125  9:23  Supply Depot x3  
  135  9:24  SCV x2  
  135  9:25  SCV  
  138  9:41  Planetary Fortress  
  138  9:42  SCV x2  
  138  9:43  SCV  
  141  9:50  Barracks  
  141  9:51  Barracks  
  141  9:52  Barracks  
  141  9:54  SCV  
  141  9:55  Marine, SCV x2  
  141  9:56  Marine x7  
  141  9:57  Marine x2  
  141  9:59  Command Center  
  154  10:05  Missile Turret  
  152  10:07  Missile Turret  
  152  10:08  Missile Turret  
  152  10:09  Missile Turret x2  
  152  10:10  Missile Turret  
  152  10:11  Missile Turret  
  152  10:13  Marine  
  152  10:14  Marine x6  
  154  10:18  Missile Turret  
  135  10:40  Missile Turret  
  135  10:42  Siege Tank  
  138  10:43  Missile Turret  
  138  10:54  Barracks Reactor x3  
  138  10:55  Marine x10  
  148  11:03  Factory x2  
  148  11:04  Factory, SCV x2  
  148  11:05  SCV x2  
  148  11:07  Refinery  
  152  11:11  Orbital Command  
  152  11:13  Marine x7  
  152  11:16  SCV  
  152  11:17  SCV x2  
  162  11:20  Command Center  
  162  11:23  SCV  
  163  11:28  SCV  
  163  11:29  Refinery, SCV x2  
  163  11:32  Terran Infantry Weapons Level 3, Terran Infantry Armor Level 3  
  166  11:35  SCV  
  166  11:36  Siege Tank  
  170  11:40  SCV  
  170  11:41  SCV  
  170  11:46  SCV  
  173  12:00  Factory Reactor  
  173  12:01  Factory Reactor, Factory Tech Lab  
  173  12:03  Terran Vehicle Weapons Level 2  
  173  12:05  Marine x13  
  173  12:06  Marine x3  
  189  12:13  Sensor Tower  
  189  12:14  SCV x3  
  192  12:23  Marine x8  
  164  12:44  Marine x9  
  164  12:45  Marine x7  
  155  13:02  Marine x4  
  155  13:04  Marine x4  
  155  13:05  Marine x3  
  151  13:07  Widow Mine x6  
  157  13:14  Orbital Command, Starport  
  157  13:15  Starport  
  157  13:16  Starport  
  157  13:21  Starport  
  157  13:24  Medivac x2  
  161  13:40  Drilling Claws  
  161  13:50  Marine x11  
  161  13:51  Marine x5  
  161  13:54  Medivac x2  
  181  13:57  Starport Reactor x2  
  181  14:04  Starport Tech Lab  
  181  14:08  Marine x13, Armory, Starport Reactor  
  181  14:09  Neosteel Armor  
  194  14:10  Hi-Sec Auto Tracking  
  193  14:19  Terran Ship Weapons Level 1  
  193  14:21  Marine  
  193  14:22  Marine x2  
  162  14:26  Marine x13  
  162  14:30  Medivac x3  
  162  14:39  Marine  
  162  14:40  Marine x2  
  162  14:43  Marine  
  162  14:44  Marine x12  
  146  14:57  Marine x3  
  138  15:00  Medivac  
  138  15:01  Marine  
  138  15:02  Marine x12, Widow Mine x2  
  138  15:03  Widow Mine x4  
  138  15:05  Viking x3  
  138  15:06  Viking x5  
  179  15:09  Terran Vehicle And Ship Armor Level 1  
  179  15:15  Marine x3  
  179  15:19  Marine x7  
  189  15:24  Widow Mine, Siege Tank  
  194  15:30  Viking  
  194  15:34  Marine x4  
  200  15:35  Command Center  
  200  15:36  Refinery  
  200  15:38  Refinery  
  189  16:05  Marine x9  
  195  16:15  Raven  
  197  16:21  Corvid Reactor  
  197  16:28  Fusion Core  
  197  16:47  Command Center  
  197  16:48  Command Center  
  197  17:17  Orbital Command  
Show
View Real Time Build Order
Export as new Build Order

Yocto Zerg 

Build Orders: Hatch First, Brood Lord Corruptor, Muta Ling Bane 

Get SALT Encoding   

  12  0:01  Drone  
  13  0:15  Overlord  
  13  0:26  Drone  
  14  0:40  Drone x3  
  17  1:02  Hatchery  
  16  1:04  Drone  
  16  1:08  Drone  
  16  1:10  Extractor  
  17  1:25  Spawning Pool  
  16  1:27  Drone  
  17  1:34  Drone x2  
  18  1:48  Drone  
  19  1:56  Overlord  
  19  2:14  Zergling x2  
  19  2:15  Queen, Zergling x2  
  21  2:17  Queen  
  21  2:20  Drone  
  26  2:26  Drone  
  26  2:28  Drone  
  28  2:30  Metabolic Boost  
  28  2:49  Drone x4  
  31  2:58  Queen  
  33  3:06  Queen  
  33  3:10  Overlord  
  34  3:38  Overlord  
  34  3:40  Drone x3  
  37  3:50  Drone x5  
  37  3:51  Drone  
  43  3:55  Hatchery  
  42  4:05  Overlord  
  42  4:07  Queen  
  44  4:16  Overlord  
  44  4:18  Drone x5  
  44  4:19  Drone x2  
  51  4:28  Evolution Chamber  
  51  4:31  Baneling Nest  
  49  4:34  Overlord  
  49  4:35  Zergling x6  
  52  4:57  Evolution Chamber  
  52  4:58  Extractor  
  52  4:59  Extractor  
  49  5:00  Zergling x12  
  49  5:01  Zergling x2  
  56  5:08  Queen  
  58  5:16  Drone x6  
  58  5:20  Lair  
  64  5:25  Baneling  
  64  5:26  Baneling x3  
  63  5:29  Zergling x2  
  63  5:30  Zergling x10  
  68  5:40  Zergling x4  
  68  5:42  Zergling x2  
  71  5:47  Overlord  
  71  5:48  Overlord x2  
  71  5:57  Drone  
  68  6:06  Spore Crawler  
  68  6:10  Spore Crawler  
  63  6:23  Queen  
  65  6:26  Overseer  
  65  6:30  Drone x2  
  65  6:31  Drone x8  
  65  6:32  Drone x7  
  82  6:44  Zerg Melee Weapons Level 1  
  82  6:46  Spire  
  81  6:49  Baneling x4  
  81  6:53  Extractor  
  80  6:55  Extractor  
  79  7:07  Hatchery, Drone x2  
  79  7:08  Drone  
  81  7:10  Drone x3  
  81  7:12  Overlord  
  81  7:13  Overlord x4  
  84  7:18  Zergling x2  
  84  7:19  Zergling x6  
  84  7:20  Zergling x2  
  89  7:27  Drone  
  90  7:34  Drone x3  
  90  7:35  Extractor  
  88  7:56  Zergling x8  
  88  7:57  Zergling x10  
  97  8:05  Infestation Pit  
  96  8:12  Spine Crawler  
  95  8:26  Queen  
  97  8:31  Drone x3  
  100  8:35  Drone x2  
  100  8:38  Drone x3  
  100  8:41  Drone x3  
  108  8:54  Overlord x2  
  108  8:55  Overlord x2  
  106  9:04  Mutalisk x5  
  106  9:05  Mutalisk x3  
  122  9:16  Hive  
  122  9:27  Drone x6  
  122  9:28  Drone  
  129  9:32  Spore Crawler  
  129  9:35  Spine Crawler, Zergling x14  
  129  9:36  Zergling x8  
  138  9:45  Centrifical Hooks  
  138  9:47  Zerg Melee Weapons Level 2  
  138  9:51  Zerg Ground Armor Level 1  
  138  10:01  Zergling x16  
  138  10:02  Zergling x2  
  114  10:42  Queen  
  114  10:46  Greater Spire  
  114  10:48  Corruptor x3  
  114  10:49  Corruptor x7  
  136  10:59  Extractor, Drone  
  136  11:00  Extractor, Drone x2  
  136  11:02  Drone x3  
  140  11:07  Overlord x2  
  140  11:08  Overlord  
  140  11:18  Queen  
  140  11:20  Corruptor x2  
  140  11:21  Corruptor x2  
  150  11:28  Adrenal Glands  
  150  11:38  Zergling x6  
  150  11:39  Zergling x12  
  159  11:41  Zergling x8  
  163  12:21  Brood Lord x6  
  163  12:22  Brood Lord x2  
  125  12:54  Zergling x2  
  125  12:55  Zergling x30  
  125  12:56  Zergling x22  
  126  13:06  Zergling x4  
  128  13:14  Corruptor x3  
  134  13:26  Corruptor x5  
  144  13:28  Brood Lord x2  
  144  13:29  Brood Lord x2  
  144  13:34  Corruptor  
  152  13:35  Hatchery  
  153  13:49  Corruptor x4  
  153  13:51  Baneling  
  153  13:52  Baneling  
  153  13:53  Baneling  
  161  13:58  Extractor  
  161  14:01  Extractor  
  159  14:11  Zergling x10  
  159  14:12  Zergling x16  
  161  14:31  Baneling  
  161  14:32  Baneling x8  
  161  14:33  Baneling x2  
  148  14:42  Zergling x14  
  119  14:53  Zergling x6  
  119  14:54  Zergling x8  
  115  15:06  Brood Lord x4  
  119  15:23  Baneling x7  
  119  15:25  Corruptor x3  
  125  15:30  Baneling x5  
  125  15:31  Baneling x4  
  78  16:29  Ultralisk Cavern  
  78  16:31  Drone x6  
  83  16:38  Drone x2  
  83  16:39  Drone  
  86  16:41  Drone x3  
  86  16:45  Zergling x4  
  86  16:46  Zergling x14  
  98  16:54  Queen  
  98  16:56  Zergling x2  
  98  16:57  Zergling x14  
  98  16:59  Zergling x4  
  110  17:08  Corruptor x4  
  110  17:09  Corruptor  
  120  17:19  Baneling x5  
  120  17:20  Baneling x8  
  120  17:21  Baneling x2  
  121  17:22  Zergling x2  
  121  17:23  Zergling x16  
  121  17:24  Zergling x4  
  130  17:30  Zergling x2  
  130  17:31  Zergling x10  
Tags
 
Add a new tag
Caveats
  • Supply blocks, unpowered buildings, or Contaminate may cause inaccurate times.
  • Supply counts are checked every 10 seconds.